 Dungeon Crawl Stone Soup version 0.30-a0-778-g2ef04afb54 (webtiles) character file.

Game seed: 12977756941584302008

17684 Leeroy the Carver (level 12, -2/60 HPs)
             Began as a Vine Stalker Warper on Feb 16, 2023.
             Was a Priest of Wu Jian.
             Slain by an unseen horror (6 damage)
             ... on level 11 of the Dungeon.
             The game lasted 00:22:05 (13040 turns).

Leeroy the Carver (Vine Stalker Warper)            Turns: 13040, Time: 00:22:06

Health: -2/60      AC:  7    Str: 15    XL:     12   Next: 50%
Magic:  0/45       EV: 16    Int: 13    God:    Wu Jian [***...]
Gold:   123        SH:  5    Dex: 18    Spells: 17/31 levels left

rFire   . . .      SeeInvis .    T - +4 rapier (vamp)
rCold   . . .      Faith    .    (no shield)
rNeg    . . .      Spirit   +    X - +0 troll leather armour
rPois   .          Reflect  +    C - +0 helmet
rElec   .          Harm     .    s - +0 cloak
rCorr   .          Rampage  .    b - +0 pair of gloves
Will    +....                    (no boots)
Stlth   +                        m - amulet of reflection
HPRegen 1.90/turn                h - ring of magical power
MPRegen 0.29/turn                W - ring of magical power

@: no status effects
A: fangs 3, regeneration 1, magic shield, antimagic bite, no potion heal 2
a: Renounce Religion, Wall Jump, Serpent's Lash


You were on level 11 of the Dungeon.
You worshipped Wu Jian.
Wu Jian was most pleased with you.
You visited 3 branches of the dungeon, and saw 14 of its levels.

You collected 833 gold pieces.
You spent 710 gold pieces at shops.

Inventory:

Hand Weapons
 c - a +1 short sword of venom
 l - a +2 short sword of draining
 M - a +4 short sword of draining
 P - a +2 dagger of speed
 T - a +4 vampiric rapier (weapon)
 Z - a +4 scimitar of flaming
Missiles
 d - 5 boomerangs of dispersal
 n - 19 poisoned darts
 z - 2 curare-tipped darts
 G - a silver boomerang (quivered)
 I - 4 javelins
 K - 5 datura-tipped darts
 U - a throwing net
Armour
 b - a +0 pair of gloves (worn)
 s - a +0 cloak (worn)
 C - a +0 helmet (worn)
 L - a +2 robe of fire resistance
 X - a +0 troll leather armour (worn)
Jewellery
 h - a ring of magical power (left hand)
 m - an amulet of reflection (around neck)
 o - a ring of wizardry
 x - an amulet of the acrobat
 Q - a ring of protection from cold
 R - a ring of protection from cold
 W - a ring of magical power (right hand)
Wands
 a - a wand of quicksilver (6)
 e - a wand of digging (6)
 N - a wand of charming (29)
 S - a wand of polymorph (10)
Scrolls
 f - 2 scrolls of fear
 g - a scroll of fog
 i - a scroll of immolation
 j - a scroll of brand weapon
 k - 9 scrolls of teleportation
 p - 2 scrolls of enchant armour
 v - 2 scrolls of summoning
 y - a scroll of identify
 A - 3 scrolls of vulnerability
 F - a scroll of noise
 V - 4 scrolls of silence
 Y - 2 scrolls of enchant weapon
Potions
 q - a potion of curing
 t - 4 potions of mutation {unknown}
 u - a potion of might
 w - 3 potions of haste {unknown}
 B - a potion of attraction {unknown}
 D - a potion of resistance {unknown}
 E - 3 potions of brilliance {unknown}
 H - 2 potions of flight {unknown}
 J - 2 potions of magic {unknown}
 O - a potion of lignification {unknown}


   Skills:
 * Level 5.6 Fighting
 - Level 13.1 Long Blades
 - Level 0.8 Throwing
 - Level 2.2 Armour
 - Level 7.4 Dodging
 - Level 0.6 Shields
 - Level 10.0 Spellcasting
 - Level 3.0 Translocations


You had 17 spell levels left.
You knew the following spells:

 Your Spells              Type           Power      Damage    Failure   Level
a - Blink                 Tloc           28%        N/A       6%          2
b - Vhi's Electric Charg  Tloc/Air       20%        N/A       22%         3
c - Manifold Assault      Tloc           14%        N/A       36%         4
d - Tukima's Dance        Hex            6%         N/A       38%         3
e - Passwall              Tmut/Erth      5%         N/A       21%         2

Your spell library contained the following spells:

 Spells                   Type           Power      Damage    Failure   Level
 Lesser Beckoning         Tloc           28%        N/A       6%          2
 Teleport Other           Tloc           14%        N/A       12%         3
 Sandblast                Erth           12%        2d6       14%         1
 Portal Projectile        Hex/Tloc       20%        N/A       22%         3
 Stone Arrow              Conj/Erth      12%        3d7       38%         3
 Blade Hands              Tmut           3%         N/A       98%         5
 Fireball                 Conj/Fire      3%         3d4       98%         5
 Iskenderun's Battlesphe  Conj           6%         2d6       98%         5
 Conjure Ball Lightning   Conj/Air       3%         3x3d6     100%        6
 Orb of Destruction       Conj           3%         9d5       100%        7


Dungeon Overview and Level Annotations

Branches:
Dungeon (11/15)            Temple (1/1) D:5            Lair (2/5) D:8
 Spider (0/4) Lair:2          Orc (0/2) D:11
  Swamp: Lair:2-3    Shoals: Lair:2-3

Altars:
Ashenzari
Cheibriados
Dithmenos
Elyvilon
Fedhas
Gozag
Hepliaklqana
Makhleb
Nemelex Xobeh
Okawaru
Qazlal
Ru
Sif Muna
Trog
Vehumet
Wu Jian
Xom
Yredelemnul
Zin
The Shining One
Ignis

Shops:
D:1 *   D:2 [   D:3 **(*[   D:4 [   D:5 [   D:10 ?   D:11 (

Annotations:
D:2 1 runed translucent door, Crazy Yiuf
D:3 1 runed translucent door, Leeroy's ghost, amateur VSWr
D:9 2 transporters, Aldia's ghost, journeyman GrEE
D:10 3 runed translucent doors, bmj180's ghost, journeyman GrEE


Innate Abilities, Weirdness & Mutations

You have razor-sharp teeth.
Your natural rate of healing is unusually fast.
When hurt, damage is shared between your health and your magic reserves.
Your bite disrupts and absorbs the magic of your enemies.
Potions cannot restore your health.


Message History

Something hits you but does no damage.
You hit something but do no damage. Your bite misses something.
Something hits you. x2
Really read the scroll of poison?
The air fills with toxic fumes!
As you read the scroll of poison, it crumbles to dust.
Something hits you! Something hits you.
You hit something.
You feel better.
Your bite misses something. Something closely misses you.
You hear some strange, mumbled words.
A puff of flame appears from out of thin air!
The puff of flame hits something!
Something hits you.
You hit something.
You feel better.
Your bite misses something. Something completely misses you.
You miss something. You bite something. You drain its power.
You feel invigorated. Something hits you!
You miss something. Something hits you. Something hits you but does no damage.
A magic dart appears from out of thin air!
The magic dart hits something!
Something hits you.
* * * LOW HITPOINT WARNING * * *
You closely miss something. Your bite misses something. Something hits you!
* * * LOW HITPOINT WARNING * * *
Something barely misses you.
You barely miss something. Something hits you!
* * * LOW HITPOINT WARNING * * *
A magic dart appears from out of thin air!
The magic dart hits something.
Something hits you!
* * * LOW HITPOINT WARNING * * *
Okay, then.
You barely miss something. Your bite misses something.
Something barely misses you. Something hits you.
* * * LOW HITPOINT WARNING * * *
You hit something.
You feel better.
Your bite misses something. Something hits you!
* * * LOW HITPOINT WARNING * * *
Something barely misses you.
You hit something.
You feel better.
An orc wizard appears from thin air!
Reactivating autopickup.
Something hits you!
You die...

.################
..§○§○§o{@§§§§§§§
#######.#########
.....§§.oC.....#
##############)######.#
........o.{......†..#
####.#.#######.####.#
<{.#.#.# #....# #.#
##.#.#.# #....# #.#
.#.#.#.# #....# #.#


You could see an orc wizard.

Vanquished Creatures
  An ogre mage (D:10)
  Erolcha (D:11)
  Harold (D:9)
  A boulder beetle (D:10)
  Erica (D:8)
  A two-headed ogre (D:11)
  Sonja (D:11)
  Amaemon (D:11)
  Pikel (D:6)
  An ugly thing (D:11)
  A black mamba (Lair:1)
  3 cane toads (Lair:1)
  An orange demon (D:11)
  Psyche (D:11)
  2 komodo dragons
  3 trolls (D:8)
  5 blink frogs (Lair:1)
  Grinder (D:6)
  Prince Ribbit (D:7)
  A hornet (D:10)
  9 yaks
  A wraith (D:10)
  A wyvern (D:8)
  3 basilisks (Lair:1)
  A steam dragon (D:8)
  An acid dragon (D:9)
  6 water moccasins
  Duvessa (D:5)
  7 orc warriors
  2 black bears (D:6)
  An ogre (D:6)
  6 centaurs
  A kobold brigand (D:8)
  10 bullfrogs
  2 scorpions
  Blork the orc (D:6)
  A necrophage (D:4)
  9 wights
  Dowan (D:5)
  12 killer bees
  8 howler monkeys
  2 electric eels
  3 jellies
  7 orc priests
  2 hounds
  7 hell rats (Lair:1)
  6 iguanas
  9 orc wizards
  4 gnolls (D:5)
  3 adders
  A shadow imp (D:7)
  3 white imps
  6 dart slugs
  37 orcs
  6 ball pythons
  A giant cockroach (D:1)
  7 goblins
  9 hobgoblins
  3 jackals (D:3)
  A quokka (D:4)
  5 bats
  6 frilled lizards
  14 kobolds
  4 rats
259 creatures vanquished.

Vanquished Creatures (others)
  3 fungi (Lair:1)
  28 plants
31 creatures vanquished.

Grand Total: 290 creatures vanquished

Notes
Turn   | Place    | Note
-------+----------+-------------------------------------------
     0 | D:1      | Leeroy the Vine Stalker Warper began the quest for the Orb.
     0 | D:1      | Reached XP level 1. HP: 11/11 MP: 4/4
    51 | D:1      | Reached skill level 2 in Long Blades
   108 | D:1      | Reached XP level 2. HP: 15/15 MP: 6/6
   313 | D:1      | Found Paruxtoiqu's Assorted Antiques.
   329 | D:1      | Reached skill level 3 in Long Blades
   360 | D:1      | Reached XP level 3. HP: 18/18 MP: 7/7
   537 | D:1      | Found a faded altar of an unknown god.
   978 | D:2      | Found Zein's Antique Armour Boutique.
  1260 | D:2      | Found a runed translucent door.
  1261 | D:2      | Noticed Crazy Yiuf
  1611 | D:3      | Found Bits's General Store.
  1646 | D:3      | Bought a scroll of identify for 22 gold pieces
  1691 | D:3      | Found a runed translucent door.
  1693 | D:3      | Noticed a bullfrog
  1694 | D:3      | Noticed Leeroy's ghost (amateur VSWr)
  1696 | D:3      | Found Zyssum's Assorted Antiques.
  1735 | D:3      | Found Suduefor's Antique Armour Shoppe.
  1957 | D:3      | Found a broken altar of Ashenzari.
  2043 | D:3      | Gained mutation: Your natural rate of healing is unusually
                  | fast. [Vine Stalker growth]
  2043 | D:3      | Reached XP level 4. HP: 18/23 MP: 6/8
  2111 | D:3      | Found Hathyapeas's General Store.
  2167 | D:3      | Reached skill level 4 in Long Blades
  2274 | D:3      | Found Qyduxzo's Weapon Shoppe.
  2531 | D:4      | Noticed a necrophage
  2532 | D:4      | Found a basalt altar of Yredelemnul.
  2545 | D:4      | Killed a necrophage
  2546 | D:4      | Reached XP level 5. HP: 26/26 MP: 9/9
  2597 | D:4      | Reached skill level 5 in Long Blades
  2699 | D:4      | Identified the +0 shortbow of Toun {antimagic, Int+6 Dex+4}
  2782 | D:4      | Found Nuemul's Antique Armour Shoppe.
  2819 | D:4      | Reached XP level 6. HP: 28/30 MP: 7/10
  2975 | D:4      | Found a glowing silver altar of Zin.
  2975 | D:4      | Found a sparkling altar of Nemelex Xobeh.
  3360 | D:5      | Entered Level 5 of the Dungeon
  3398 | D:5      | Reached skill level 6 in Long Blades
  3664 | D:5      | Reached XP level 7. HP: 27/29 MP: 9/11
  3683 | D:5      | Found a staircase to the Ecumenical Temple.
  3741 | Temple   | Entered the Ecumenical Temple
  3819 | Temple   | Became a worshipper of the Wu Jian Council
  3928 | D:5      | Reached skill level 7 in Long Blades
  4197 | D:5      | Found Ipseqeav's Armour Emporium.
  4337 | D:5      | Noticed Duvessa
  4339 | D:5      | Noticed Dowan
  4366 | D:5      | Killed Duvessa
  4390 | D:5      | Killed Dowan
  4391 | D:5      | Reached skill level 8 in Long Blades
  4391 | D:5      | Gained mutation: You have razor-sharp teeth. [Vine Stalker
                  | growth]
  4391 | D:5      | Reached XP level 8. HP: 34/36 MP: 12/12
  4412 | D:5      | Learned a level 2 spell: Blink
  4416 | D:5      | Learned a level 3 spell: Vhi's Electric Charge
  4520 | D:6      | Reached skill level 9 in Long Blades
  4683 | D:6      | Found a snail-covered altar of Cheibriados.
  4743 | D:6      | Noticed Grinder
  4743 | D:6      | Noticed Blork the orc
  4745 | D:6      | Reached skill level 10 in Long Blades
  4754 | D:6      | Reached XP level 9. HP: 26/42 MP: 13/13
  4773 | D:6      | Killed Blork the orc
  4792 | D:6      | Killed Grinder
  4803 | D:6      | Noticed Pikel
  4833 | D:6      | Killed Pikel
  4834 | D:6      | Reached skill level 11 in Long Blades
  5459 | D:7      | Noticed Prince Ribbit
  5471 | D:7      | Killed Prince Ribbit
  5544 | D:6      | Reached skill level 12 in Long Blades
  5828 | D:5      | Found a shimmering blue altar of Sif Muna.
  5876 | D:5      | Learned a level 4 spell: Manifold Assault
  6037 | D:8      | Reached * piety under Wu Jian
  6172 | D:8      | Reached XP level 10. HP: 46/46 MP: 17/17
  6191 | D:8      | Learned a level 3 spell: Tukima's Dance
  6194 | D:8      | Learned a level 2 spell: Passwall
  6272 | D:8      | Reached skill level 5 in Spellcasting
  6974 | D:8      | Found a staircase to the Lair.
  7288 | D:9      | Noticed Harold
  7326 | Lair:1   | Entered Level 1 of the Lair of Beasts
  7444 | Lair:1   | Noticed a cane toad
  7470 | Lair:1   | Killed a cane toad
  7470 | Lair:1   | Reached ** piety under Wu Jian
  7535 | Lair:1   | Noticed a cane toad
  7553 | Lair:1   | Killed a cane toad
  7594 | Lair:1   | Noticed a black mamba
  7600 | Lair:1   | Reached skill level 10 in Spellcasting
  7739 | Lair:1   | Reached XP level 11. HP: 35/50 MP: 20/26
  8880 | Lair:2   | Noticed a catoblepas
  8894 | Lair:2   | HP: 2/54 [catoblepas (16)]
  9169 | Lair:2   | Found a hole to the Spider Nest.
  9169 | Lair:2   | Noticed an orb spider
  9326 | D:9      | Found a transporter.
  9604 | D:8      | Noticed Erica
  9607 | D:8      | Killed Erica
  9608 | D:8      | Reached skill level 5 in Dodging
  9742 | D:9      | HP: 2/54 [Harold/+1 hand axe of distortion (3)]
  9743 | D:9      | Killed Harold
  9910 | D:9      | Found a white marble altar of Elyvilon.
  9946 | D:9      | Found a transporter.
  9946 | D:9      | Noticed Aldia's ghost (journeyman GrEE)
 10680 | D:9      | Reached *** piety under Wu Jian
 10847 | D:10     | Entered Level 10 of the Dungeon
 10856 | D:10     | Found Pyrem's Magic Scroll Shop.
 10865 | D:10     | Bought a scroll of enchant weapon for 97 gold pieces
 10865 | D:10     | Bought a scroll of identify for 26 gold pieces
 10865 | D:10     | Bought a scroll of brand weapon for 123 gold pieces
 10994 | D:10     | Found a stormy altar of Qazlal.
 11106 | D:10     | Noticed a boulder beetle
 11128 | D:10     | Killed a boulder beetle
 11178 | D:10     | Reached XP level 12. HP: 57/58 MP: 27/27
 11521 | D:10     | Found a runed translucent gate.
 11522 | D:10     | Found a runed translucent gate.
 11523 | D:10     | Found a runed translucent gate.
 11525 | D:10     | Noticed bmj180's ghost (journeyman GrEE)
 11607 | D:11     | Noticed Amaemon
 11777 | D:11     | Found a staircase to the Orcish Mines.
 11779 | D:11     | Found Nattazar's Weapon Boutique.
 12082 | D:11     | Noticed an ogre mage
 12083 | D:11     | Noticed Psyche
 12280 | D:11     | Bought a +4 vampiric rapier for 442 gold pieces
 12310 | D:11     | Noticed Erolcha
 12322 | D:11     | Killed Erolcha
 12355 | D:11     | Killed Amaemon
 12578 | D:10     | Killed an ogre mage
 12579 | D:10     | Reached skill level 13 in Long Blades
 12689 | D:11     | Killed Psyche
 12690 | D:11     | Reached skill level 1 in Armour
 12852 | D:11     | Noticed a two-headed ogre
 12867 | D:11     | Noticed Sonja
 12870 | D:11     | Killed a two-headed ogre
 12871 | D:11     | Reached skill level 5 in Fighting
 12882 | D:11     | Killed Sonja
 13039 | D:11     | HP: 2/60 [something (7)]
 13040 | D:11     | Slain by an unseen horror

Illustrated notes

Levels and vault maps discovered:
D:1:      saegor_arrival_fortress, layout_rooms, serial_shops, shop,
          shapermc_ecumenical_altar_starsandcircs, serial_bayou_pond_a,
          minmay_pentomino_r2
D:2:      layout_loops_ring, serial_shops, nicolae_shop_overgrown_old_shop,
          uniq_crazy_yiuf_cottage
D:3:      layout_basic, evilmike_ruin_ashenzari, serial_shops, shop, shop,
          nicolae_shop_trees, shop, shop_fountains, ebering_ghost_sewer_d
D:4:      layout_basic, mainiacjoe_overflow_concentric_impassable,
          grunt_temple_overflow_open, serial_shops, nicolae_shop_window_shopping
D:5:      layout_loops_cross, tgw_sif, minmay_temple_entry_hall, serial_shops,
          shop, uniq_duvessa
D:6:      layout_basic, mainiacjoe_overflow_24_doors, uniq_blork_the_orc,
          uniq_pikel, uniq_grinder
D:7:      layout_rooms, gammafunk_temple_overflow_statue, serial_bayou_ford_a,
          uniq_prince_ribbit1
D:8:      layout_basic, lair_entry_dummy, dk_noncrumbling_3,
          serial_bayou_lagoon_a, hangedman_minor_gate_pass, uniq_erica
D:9:      layout_basic, kennysheep_mini, gammafunk_ghost_stat_death, uniq_harold
D:10:     layout_loops_ring, nicolae_qazlal_eye_of_the_storm,
          gammafunk_ghost_necromancy, serial_shops, shop_statue
D:11:     layout_basic, orc_david_3, serial_glass, glass_columns_b,
          glass_columns_c, st_stairs_1, uniq_sonja, uniq_psyche, uniq_amaemon,
          uniq_erolcha
Temple:   ebering_untended_altars
Lair:1:   layout_hall_layers, infiniplex_staircase_pool
Lair:2:   layout_cave_pods, nicolae_spider_entry_orb_guardian,
          gammafunk_ghost_wrathful_warriors, infiniplex_staircase_pool_2

Skill      XL: |  1  2  3  4  5  6  7  8  9 10 11 12 |
---------------+-------------------------------------+-----
Long Blades    | 2 3 4 5 6 8 10 12 13 | 13.1
Spellcasting   | 4 10 | 10.0
Fighting       | 4 5 |  5.6
Dodging        | 7 |  7.4
Armour         | 2 |  2.2
Throwing       | |  0.8
Shields        | |  0.6
Translocations | |  3.0

Action                     |  1- 3 |  4- 6 |  7- 9 | 10-12 || total
---------------------------+-------+-------+-------+-------++-------
  Melee: Falchion          |    56 |       |       |    16 ||    72
         Bite              |    25 |    43 |   118 |   225 ||   411
         Short sword       |    55 |   137 |   235 |   123 ||   550
         Punch             |       |       |     1 |    12 ||    13
         Dagger            |       |       |    98 |       ||    98
         Scimitar          |       |       |       |   387 ||   387
         Rapier            |       |       |       |   123 ||   123
  Throw: Boomerang         |     1 |       |       |     7 ||     8
         Throwing net      |       |       |       |     1 ||     1
         Dart              |       |       |       |     3 ||     3
         Javelin           |       |       |       |     1 ||     1
   Cast: Blink             |       |       |     2 |       ||     2
         Vhi's Electric Ch |       |       |       |     3 ||     3
Ability: Lunge             |       |       |    18 |    31 ||    49
         Whirlwind         |       |       |       |    28 ||    28
         Wall Jump         |       |       |       |     4 ||     4
  Evoke: Wand              |       |       |       |     3 ||     3
    Use: Scroll            |     5 |     3 |     1 |    11 ||    20
         Potion            |       |       |       |     4 ||     4
   Stab: Sleeping          |       |       |     1 |     2 ||     3
         Held in net/web   |       |       |       |     2 ||     2
 Armour: Leather armour    |    15 |       |       |       ||    15
         Plate armour      |    58 |    89 |    50 |       ||   197
         Robe              |       |       |    40 |     6 ||    46
         Troll leather arm |       |       |       |    99 ||    99
  Dodge: Dodged            |    57 |    18 |    84 |   302 ||   461
  Block: Other             |    14 |    24 |    47 |   111 ||   196
         Reflection        |       |       |     2 |     5 ||     7

Table legend: (Time is in decaauts)
 A = Elapsed time spent in this place.
 B = Non-inter-level travel time spent in this place.
 C = Inter-level travel time spent in this place.
 D = Time resting spent in this place.
 E = Time spent auto-exploring this place.
 F = Levels seen in this place.
 G = Mean time per level.
                   A        B        C        D        E       F      G
               +--------+--------+--------+--------+--------+-----+--------+
         Total |  12820 |  11944 |    876 |   1622 |   7428 |  14 |  915.7 |
       Dungeon |  10889 |  10081 |    808 |   1333 |   6317 |  11 |  989.9 |
        Temple |     90 |     79 |     11 |      0 |     48 |   1 |   90.0 |
          Lair |   1840 |   1784 |     56 |    289 |   1063 |   2 |  920.0 |
               +--------+--------+--------+--------+--------+-----+--------+

Top non-repeatable levels by time:
     D:8: 1743 daAuts
  Lair:1: 1740 daAuts
     D:5: 1290 daAuts
    D:10: 1227 daAuts
     D:9: 1221 daAuts
    D:11: 943 daAuts
     D:3: 932 daAuts
     D:6: 914 daAuts
     D:1: 888 daAuts
     D:4: 824 daAuts
     D:2: 711 daAuts
     D:7: 191 daAuts
  Lair:2: 99 daAuts
  Temple: 90 daAuts
